AoeStats
← 清远华

African Clearing

510760331Analyzed
4v4 RM · 23h ago on Oct 2, 2026· 31m 28s· 8 players
Game mode
Random Map
Map size
Large (8 player)
Population
200
Speed
Normal
Resources
Standard
Victory
Conquest
Starting age
Dark Age
Ending age
Imperial Age
RankedLock teamsTeams togetherTeam positionsShared explorationLock speedFull tech treeHidden civsTurbo modeCheats
Victory
Defeat
🇬🇧 Cumans · United Kingdom
1778
+10
🇭🇰 Franks · Hong Kong SAR China
1770
+11
🇭🇰 Varangians · Hong Kong SAR China
1708
+13
🇭🇰 Magyars · Hong Kong SAR China
1686
+15
🇨🇳 Poles · China
1685
-14
🇨🇳 Celts · China
1650
-12
🇨🇳 Khmer · China
1640
-12
🇪🇸 Portuguese · Spain
1610
-11
Long-Long-Way
12:40 Loom
13:02 Loom
15:10 Feudal Age
18:01 Castle Age
16:04 Double-Bit Axe
18:01 Bloodlines
18:49 Scale Barding Armor
23:53 Horse Collar
29:09 Husbandry
31:03 Chain Barding Armor
清远华
11:14 Feudal Age
12:30 Loom
13:08 Double-Bit Axe
22:23 Castle Age
24:27 Horse Collar
25:05 Heavy Plow
25:46 Bow Saw
28:47 Szlachta Privileges
28:46 Husbandry
28:57 Bloodlines
28:54 Scale Barding Armor
31:03 Chain Barding Armor
32:00 Forging
SAVIOR
11:12 Loom
13:08 Feudal Age
17:10 Castle Age
15:49 Scale Mail Armor
15:58 Double-Bit Axe
15:53 Horse Collar
17:13 Pikeman
20:46 Scale Mail Armor
Raspadori
5:32 Loom
11:21 Feudal Age
12:03 Town Watch
14:41 Double-Bit Axe
15:38 Horse Collar
19:27 Fletching
22:55 Wheelbarrow
26:12 Castle Age
24:34 Gold Mining
24:55 Padded Archer Armor
26:15 Crossbowman
26:52 Bodkin Arrow
hide1914
11:43 Feudal Age
12:37 Double-Bit Axe
14:07 Loom
16:30 Bloodlines
17:41 Horse Collar
18:38 Forging
20:07 Wheelbarrow
30:13 Castle Age
31:07 Bow Saw
30:58 Heavy Plow
32:28 Iron Casting
MJAI
9:28 Loom
12:46 Feudal Age
17:33 Castle Age
15:55 Double-Bit Axe
16:35 Fletching
18:42 Bow Saw
18:43 Gold Mining
21:33 Bodkin Arrow
25:33 Horse Collar
31:07 Padded Archer Armor
31:53 Husbandry
LamarcusLawliet
11:25 Feudal Age
10:52 Loom
11:58 Double-Bit Axe
15:37 Wheelbarrow
19:00 Town Watch
20:01 Padded Archer Armor
20:11 Scale Barding Armor
20:08 Gold Mining
20:34 Fletching
23:55 Castle Age
25:25 Bow Saw
26:02 Forging
DuperRandomShan
11:12 Feudal Age
11:46 Double-Bit Axe
15:04 Loom
18:32 Town Watch
21:34 Castle Age
21:16 Horse Collar
23:33 Fletching
25:19 Bodkin Arrow
25:48 Bodkin Arrow
28:44 Wheelbarrow
32:45 Imperial Age
30:44 Bloodlines
31:20 Padded Archer Armor
31:45 Heavy Plow
32:13 Hand Cart
Connection lost

Rejoining the realm…

Still unreachable

The connection could not be restored.

Session expired

The server has moved on; the page needs a fresh start.